 Dungeon Crawl Stone Soup version 0.18-a0-1773-gec4f98e (webtiles) character file.

168 M4edhros the Insei (level 5, -2/31 HPs)
             Began as an Octopode Necromancer on Apr 14, 2016.
             Was an Initiate of Cheibriados.
             Slain by Sigmund
             ... wielding a +0 scythe
              (4 damage)
             ... on level 5 of the Dungeon.
             The game lasted 00:11:33 (1430 turns).

M4edhros the Insei (Octopode Necromancer)           Turns: 1430, Time: 00:11:33

Health: -2/31      AC:  1    Str:  8    XL:     5   Next: 48%
Magic:  11/17      EV: 12    Int: 18    God:    Cheibriados [......]
Gold:   121        SH:  0    Dex: 15    Spells: 3 memorised, 1 level left

rFire  . . .     SeeInvis .       - Unarmed
rCold  . . .     Gourm    .     (no shield)
rNeg   . . .     Faith    .     (helmet restricted)
rPois  .         Spirit   .     p - amulet of Bodily Harmony {Dismiss -Tele rElec MR+ MP+9}
rElec  +         Dismiss  +     (no ring)
rCorr  .         Reflect  .     (no ring)
SustAt .         Harm     .     (no ring)
MR     +....     NoTele   +     (no ring)
Stlth  +++.......               (no ring)
                                (no ring)
                                (no ring)
                                (no ring)

@: very slightly contaminated, regenerating (expiring), very slow, somewhat
resistant to hostile enchantments, fairly stealthy
A: almost no armour, amphibious, 8 rings, constrict 8, camouflage 1, gelatinous
body 1
a: Bend Time, Renounce Religion


You were on level 5 of the Dungeon.
You worshipped Cheibriados.
Cheibriados was noncommittal.
You were very hungry.

You visited 1 branch of the dungeon, and saw 5 of its levels.

You collected 121 gold pieces.

Inventory:

Missiles
 d - 60 stones (quivered)
 e - 13 steel sling bullets
Jewellery
 p - the amulet of Bodily Harmony (around mantle) {Dismiss -Tele rElec MR+ MP+9}
   (You found it on level 4 of the Dungeon)

   [amulet of dismissal]

   It may teleport away creatures that harm you.
   It insulates you from electricity.
   It affects your resistance to hostile enchantments.
   It affects your magic capacity (+9).
   It prevents most forms of teleportation.
Scrolls
 g - a scroll of fog {unknown}
 j - a scroll of random uselessness
 l - a scroll of immolation {unknown}
 m - 2 scrolls of remove curse
 o - a scroll of recharging {unknown}
Potions
 i - 2 potions of flight
Books
 a - a book of Necromancy

   Spells                             Type                      Level
   a - Pain                           Necromancy                   1
   b - Animate Skeleton               Necromancy                   1
   c - Vampiric Draining              Necromancy                   3
   d - Regeneration                   Charms/Necromancy            3
   e - Animate Dead                   Necromancy                   4
   f - Control Undead                 Necromancy                   4
 n - a book of Geomancy

   Spells                             Type                      Level
   a - Sandblast                      Earth                        1
   b - Passwall                       Transmutation/Earth          2
   c - Stone Arrow                    Conjuration/Earth            3
   d - Petrify                        Transmutation/Earth          4
   e - Lee's Rapid Deconstruction     Earth                        5
Comestibles
 b - 3 bread rations
 c - 2 beef jerkies
 h - a fruit
 k - a meat ration


   Skills:
 - Level 2.0 Dodging
 - Level 2.6 Stealth
 + Level 5.0 Unarmed Combat
 - Level 2.0 Spellcasting
 - Level 4.0 Necromancy


You had one spell level left.
You knew the following spells:

 Your Spells              Type           Power        Failure   Level  Hunger
a - Pain                  Necr           ###.         3%          1    #......
b - Regeneration          Chrm/Necr      #.........   24%         3    ###....
c - Vampiric Draining     Necr           ###.......   12%         3    ###....


Dungeon Overview and Level Annotations

Branches:
Dungeon (5/15)
 Temple: D:4-7

Altars:
Cheibriados
Dithmenos
Kikubaaqudgha
Pakellas
Ru

Annotations:
D:3 Qrupt's ghost, weakling MfSu
D:4 Fartwhistle's ghost, amateur KoMo
D:5 exclusion: ogre, Sigmund


Innate Abilities, Weirdness & Mutations

You cannot wear most types of armour.
You are amphibious.
You can wear up to eight rings at the same time.
You can use your tentacles to constrict eight enemies at once.
Your skin changes colour to match your surroundings (Stealth).
Your rubbery body absorbs attacks (AC +1).


Message History

Okay, then.
You tentacle-slap Sigmund.
Sigmund is moderately wounded.
You constrict Sigmund. You tentacle-slap Sigmund.
Sigmund is heavily wounded.
You constrict Sigmund. Sigmund gestures at you while chanting.
The magic dart hits you!
* * * LOW HITPOINT WARNING * * *
You tentacle-slap Sigmund. You squeeze Sigmund, but do no damage.
Sigmund is severely wounded.
You constrict Sigmund. Sigmund gestures at you while chanting.
The puff of flame hits you!
* * * LOW HITPOINT WARNING * * *
You tentacle-slap Sigmund.
Sigmund is severely wounded.
You constrict Sigmund. Sigmund hits you with a scythe.
You die...

# ## .. .. #### .. #. #..
###.##. #.# .......##.#
##........#######.#######
..........@@......#.....#
#........##########'###.#
#.#+#####..............<#
#+#######.......#
#.......# #.......#
#.......# #.......#
#....=..#


You could see Sigmund.

Vanquished Creatures
  An orc priest (D:4)
  An orc wizard (D:4)
  A worker ant (D:4)
  2 adders (D:3)
  An ooze (D:1)
  2 worms
  2 dart slugs (D:1)
  A giant gecko (D:2)
  6 orcs
  6 goblins
  5 hobgoblins
  2 jackals (D:3)
  2 kobolds (D:2)
  4 quokkas
  10 bats
46 creatures vanquished.

Notes
Turn   | Place    | Note
--------------------------------------------------------------
     0 | D:1      | M4edhros the Octopode Necromancer began the quest for the Orb.
     0 | D:1      | Reached XP level 1. HP: 11/11 MP: 3/3
    20 | D:1      | Reached skill level 1 in Unarmed Combat
    85 | D:2      | Reached XP level 2. HP: 8/17 MP: 1/5
   248 | D:2      | Reached skill level 2 in Unarmed Combat
   385 | D:3      | Reached XP level 3. HP: 3/21 MP: 1/6
   431 | D:3      | Noticed Qrupt's ghost (weakling MfSu)
   662 | D:1      | Reached skill level 3 in Unarmed Combat
   755 | D:2      | Found a sacrificial altar of Ru.
   769 | D:3      | Learned a level 3 spell: Regeneration
   823 | D:3      | Reached XP level 4. HP: 19/27 MP: 1/7
   945 | D:3      | Found a snail-covered altar of Cheibriados.
   960 | D:3      | Became a worshipper of Cheibriados the Contemplative
  1028 | D:4      | Reached skill level 4 in Unarmed Combat
  1069 | D:4      | Noticed Fartwhistle's ghost (amateur KoMo)
  1118 | D:4      | Reached XP level 5. HP: 24/31 MP: 2/8
  1135 | D:4      | Found a shadowy altar of Dithmenos.
  1141 | D:4      | Found an ancient bone altar of Kikubaaqudgha.
  1144 | D:4      | Found an oddly glowing altar of Pakellas.
  1182 | D:4      | Got a transparent silver amulet
  1183 | D:4      | Identified the amulet of Bodily Harmony {Dismiss -Tele rElec MR+ MP+9} (You found it on level 4 of the Dungeon)
  1206 | D:4      | Noticed an ogre
  1206 | D:4      | Reached skill level 5 in Unarmed Combat
  1223 | D:5      | Entered Level 5 of the Dungeon
  1314 | D:5      | Learned a level 3 spell: Vampiric Draining
  1326 | D:5      | Noticed an ogre
  1417 | D:5      | Noticed Sigmund
  1429 | D:5      | HP: 1/31 [Sigmund/puff of flame (6)]
  1430 | D:5      | Slain by Sigmund

Vault maps used:
D:1:      dpeg_arrival_boxes_within_box, serial_glass, glass_columns_b,
          glass_columns_b, glass_columns_a, glass_columns_a, glass_columns_a
D:2:      fiery_altar_vehumet, nicolae_overflow_hidden_temple,
          minmay_misc_feat_encased
D:3:      nicolae_overflow_crystal_walls, hangedman_decor_peaks_small
D:4:      marbit_many_paths, grunt_temple_overflow_diamond,
          lemuel_temple_firewalk_marked, first_bread, corexii_corridor_pit,
          hangedman_decor_growths, grunt_pakellas_salt
D:5:      black_bear_nest_1, lemuel_doored_altar, uniq_duvessa, uniq_sigmund,
          uniq_grinder

Skill      XL: |  1  2  3  4  5 |
---------------+----------------+-----
Unarmed Combat | 1 2 3 4 5 |  5.0
Dodging        | |  2.0
Stealth        | |  2.6
Spellcasting   | |  2.0
Necromancy     | |  4.0

Action                   |  1- 3 |  4- 6 || total
-------------------------+-------+-------++-------
Melee: Unarmed           |    20 |    21 ||    41
       Constrict         |     5 |     6 ||    11
       Tentacles         |     4 |     6 ||    10
       Punch             |       |     1 ||     1
Throw: Stone             |       |     1 ||     1
 Cast: Pain              |    50 |    29 ||    79
       Regeneration      |     1 |    11 ||    12
  Use: Potion            |     4 |     1 ||     5
       Scroll            |     6 |     1 ||     7
 Stab: Sleeping          |     1 |     1 ||     2
  Eat: Chunk             |       |     4 ||     4
Armor: Skin              |     7 |       ||     7
Dodge: Dodged            |    13 |    10 ||    23
